 Dungeon Crawl Stone Soup version 0.17-a0-1648-g0a089d4 (webtiles) character file.

24255 HEYYEYAAE the Cleaver (level 12, -4/99 HPs)
             Began as a Deep Dwarf Chaos Knight on Aug 12, 2015.
             Killed from afar by Frances (45 damage)
             ... with an iron shot
             ... on level 12 of the Dungeon.
             The game lasted 00:50:50 (12340 turns).

HEYYEYAAE the Cleaver (Deep Dwarf Chaos Knight)    Turns: 12340, Time: 00:50:50

Health: -4/99      AC: 11    Str: 25    XL:     12   Next: 79%
Magic:  21/21      EV: 13    Int: 11    God:    Xom [...*..]
Gold:   143        SH:  0    Dex: 12    Spells: 0 memorised, 25 levels left

rFire  x . .     SeeInvis .     U - +4 war axe of Indomitability {venom, *Contam MP+9 Str+4}
rCold  + . .     Clarity  .     L - +0 chain mail {MR+}
rNeg   . . .     SustAt   .     (no shield)
rPois  .         Gourm    .     j - +0 helmet
rElec  .         Spirit   .     h - +1 cloak {+Inv}
rCorr  .         Warding  .     (no gloves)
rMut   .         Stasis   .     (no boots)
MR     +++..                    (no amulet)
Stlth  ..........               Y - +3 ring of slaying
                                V - ring of ice

@: corroded equipment, very slightly contaminated, non-regenerating, invisible,
extremely resistant to hostile enchantments, extremely unstealthy
A: damage resistance, recharge devices, blurry vision 1, dopey 1, frail 1, magic
resistance 1, sense surroundings 2, slow healing 3
a: Device Recharging, Renounce Religion, Turn Visible


You were on level 12 of the Dungeon.
You worshipped Xom.
You were a favourite toy of Xom.
You were hungry.

You visited 2 branches of the dungeon, and saw 16 of its levels.
You also visited: Ice Cave.

You collected 1897 gold pieces.
You spent 1754 gold pieces at shops.

Inventory:

Hand weapons
 s - a +0 war axe of freezing
 B - a +0 battleaxe
 H - a +1 vampiric hand axe
 O - a +0 broad axe
 S - a +2 battleaxe of draining
 U - the +4 war axe of Indomitability (weapon) {venom, *Contam MP+9 Str+4}
   (You found it on level 10 of the Dungeon)

   It poisons the flesh of those it strikes.
   It affects your strength (+4).
   It affects your magic capacity (+9).
   It causes magical contamination when unequipped.
Armour
 h - a +1 cloak of invisibility (worn)
 i - a +0 plate armour
 j - a +0 helmet (worn)
 x - a +2 scale mail of cold resistance
 L - a +0 chain mail of magic resistance (worn)
Jewellery
 e - an uncursed amulet of stasis
 f - an uncursed ring of protection from magic
 k - an uncursed ring of sustain attributes
 w - an uncursed ring of fire
 Q - an uncursed ring of wizardry
 V - a ring of ice (left hand)
 Y - a +3 ring of slaying (right hand)
Magical devices
 a - a wand of lightning (9)
 b - a wand of confusion (32)
 c - a wand of heal wounds (3)
 g - a wand of slowing (0)
 A - a wand of teleportation (5)
 R - a wand of paralysis (2)
Scrolls
 l - a scroll of amnesia
 m - 3 scrolls of remove curse
 q - 3 scrolls of magic mapping
 r - 2 scrolls of enchant armour
 t - 3 scrolls of fog
 u - a scroll of blinking {unknown}
 C - 4 scrolls of teleportation
 G - a scroll of identify
 M - a scroll of summoning {unknown}
 N - a scroll of immolation {unknown}
 T - a scroll of noise {unknown}
Potions
 p - 4 potions of ambrosia
 z - a potion of flight
 F - 2 potions of poison
Books
 K - a book of Minor Magic

   Spells                             Type                      Level
   a - Magic Dart                     Conjuration                  1
   b - Blink                          Translocation                2
   c - Call Imp                       Summoning                    2
   d - Repel Missiles                 Charms/Air                   2
   e - Slow                           Hexes                        2
   f - Conjure Flame                  Conjuration/Fire             3
   g - Mephitic Cloud                 Conjuration/Poison/Air       3
 W - a book of Debilitation

   Spells                             Type                      Level
   a - Corona                         Hexes                        1
   b - Slow                           Hexes                        2
   c - Gell's Gravitas                Hexes/Translocation          3
   d - Inner Flame                    Hexes/Fire                   3
   e - Cause Fear                     Hexes                        4
   f - Leda's Liquefaction            Hexes/Earth                  4
Miscellaneous
 I - a lamp of fire (inert)
Comestibles
 d - 3 bread rations
 n - 15 fruits
 o - 3 meat rations
 v - 3 beef jerkies
 D - a chunk of flesh
 P - 4 slices of pizza


   Skills:
 + Level 8.1 Fighting
 * Level 12.5 Axes
 + Level 9.4 Armour
 + Level 9.5 Dodging
 + Level 7.1 Spellcasting
 + Level 10.7 Evocations


You had 25 spell levels left.
You didn't know any spells.

Dungeon Overview and Level Annotations

Branches:
Dungeon (12/15)            Temple (0/1) D:6            Lair (0/8) D:11
    Orc (4/4) D:9             Elf (0/3) Orc:3

Altars:
Ashenzari
Cheibriados
Dithmenos
Elyvilon
Fedhas
Gozag
Kikubaaqudgha
Nemelex Xobeh
Sif Muna
Vehumet
Xom
Zin
Beogh

Shops:
D:4 (   D:5 (**[}   D:9 *   Orc:2 (   Orc:4 }[*}=

Annotations:
D:3 Sigmund
D:12 Frances, Urug


Innate Abilities, Weirdness & Mutations

You are resistant to damage.
You can recharge devices by infusing magical energy.
You passively map the area around you.
You do not heal naturally.
Scrolls take you a little longer to read.
You are dopey. (Int -2)
You are frail (-10% HP).
You are resistant to hostile enchantments.


Message History

The rust devil is moderately wounded.
The large slime creature quivers.
The slime creature quivers.
The large slime creature quivers.
A large slime creature splits.
The rust devil hits you. The rust devil corrodes you!
Frances mutters in a terrible tongue.
The shard of ice hits you! You partially resist.
* * * LOW HITPOINT WARNING * * *
A shower of butterflies erupts from you!
Evoke which item? (* to show all) (? for menu, Esc to quit)
Zapping:
c - a wand of heal wounds (4)
Press: ? - help, Shift-Dir - straight line, f - you You feel much better.
This wand has 3 charges left.
The slime creature quivers. x2 "See what I see, my child!"
You feel aware of your surroundings.
Frances mutters in a terrible tongue.
The iron shot hits you!
You die...
Xom is highly amused!

* *******#################** ****
,<, ,,,,.................,,,,,
*,,,,,,,, ,...............,,,,,,,
,,,,,,,,,**#..J.b........,,, ,,
*,,,,,,,,.###b(§4b.....#..,,,,,,,
*, ,,***,..JJ.(@@#........,,,,,,,
,,,,,, ,,.J.o..3(§<.......,,,,, ,
+** * ,,,....#####+#######+******
,,* ,,,.>.,*,, , ,,,,,,,,,, ,,
,,,,*,,,,.,,,*,,,,,,, ,,,,,,,,,,,
,,,,+,,,,,,,,*,,,,,,,,, ,,,, ,,,,
,,,,*,,,,, ,,*,,,,,,,,,,,,,,, ,,
,,,,*,,*****,+,,, ,, ,,,,,, ,,,,
,,,*,,*****,*,,,,,,,,,,,, ,,,,,


You could see Frances, Urug, a large slime creature (wandering), 3 slime
creatures, a rust devil and a chaos spawn.

Vanquished Creatures
  Maud (D:11)
  Josephine (D:10)
  Fannar (D:10)
  3 hydras
  Sonja (D:11)
  Nergalle (D:11)
  2 unseen horrors
  A manticore (D:11)
  An orc knight (Orc:4)
  A kobold demonologist (D:12)
  2 two-headed ogres (D:10)
  4 trolls
  7 yaks
  3 wraiths (D:10)
  Eustachio (D:6)
  A deep elf mage (D:9)
  A wyvern (D:11)
  5 wargs
  A hungry ghost (D:10)
  4 hippogriffs
  38 orc warriors
  2 black bears
  A necrophage (D:11)
  A sky beast (Orc:3)
  6 ogres
  8 ice beasts
  4 phantoms
  A boggart (Orc:2)
  13 centaurs
  A giant frog (D:9)
  8 big kobolds
  3 scorpions
  A wyvern skeleton (D:10)
  4 crimson imps
  A gnoll shaman (D:5)
  4 hounds
  A jelly (D:5)
  20 orc priests
  38 orc wizards
  2 centaur skeletons
  Ijyb (D:3)
  An iguana (D:5)
  7 worker ants
  A killer bee zombie (D:10)
  2 sheep (D:8)
  A hound zombie (D:10)
  A worker ant zombie (D:5)
  4 gnolls (D:5)
  Natasha (D:3)
  13 adders
  A shadow imp (D:7)
  An ooze (D:2)
  An adder skeleton (D:8)
  3 worms
  7 giant geckos
  172 orcs
  5 bats
  8 giant cockroaches
  9 goblins
  7 hobgoblins
  3 ball pythons
  2 giant gecko skeletons (D:4)
  A giant gecko zombie (D:5)
  7 giant newts
  19 jackals
  A jackal skeleton (D:4)
  21 kobolds
  A quokka (D:9)
  9 rats
  A fire vortex (Orc:3)
510 creatures vanquished.

Vanquished Creatures (collateral kills)
  An ice statue (D:11)
  5 orc knights (Orc:4)
  A wraith (D:10)
  4 wargs (Orc:4)
  4 ice beasts (IceCv)
  8 orc warriors
  An eye of draining (D:10)
  A big kobold (D:8)
  An orc priest (Orc:4)
  An orc wizard (D:10)
  Natasha (D:3)
  A gnoll (Orc:4)
  16 orcs
  A bat (D:3)
46 creatures vanquished.

Vanquished Creatures (others)
  A dancing weapon (Orc:4)
  A wasp zombie (D:10)
  An orc (Orc:3)
  7 fungi (D:10)
10 creatures vanquished.

Grand Total: 566 creatures vanquished

Notes
Turn   | Place    | Note
--------------------------------------------------------------
     0 | D:1      | HEYYEYAAE the Deep Dwarf Chaos Knight began the quest for the Orb.
     0 | D:1      | Reached XP level 1. HP: 20/20 MP: 1/1
   149 | D:1      | Reached XP level 2. HP: 22/27 MP: 2/2
   570 | D:1      | XOM: divination: detect items
   573 | D:1      | XOM: divination: detect creatures
   769 | D:2      | XOM: stealth player
   835 | D:2      | Reached skill level 1 in Evocations
   835 | D:2      | Reached XP level 3. HP: 20/33 MP: 3/3
  1325 | D:2      | XOM: divination: detect creatures
  1433 | D:2      | XOM: scenery: 1 doors close
  1443 | D:3      | Reached XP level 4. HP: 28/42 MP: 5/5
  1511 | D:3      | Found a radiant altar of Vehumet.
  1536 | D:3      | Reached skill level 4 in Axes
  1573 | D:3      | Noticed Ijyb
  1585 | D:3      | Killed Ijyb
  1653 | D:3      | XOM: enchant monster (good)
  1664 | D:3      | Noticed Natasha
  1677 | D:3      | Killed Natasha
  1677 | D:3      | Reached XP level 5. HP: 29/49 MP: 0/6
  1692 | D:3      | XOM: potion effect (might)
  1790 | D:3      | Noticed Sigmund
  1813 | D:3      | Noticed Natasha
  1818 | D:3      | Killed Natasha
  1958 | D:4      | Found Fighuppoicar's Antique Weapon Boutique.
  2006 | D:4      | XOM: divination: magic mapping
  2013 | D:4      | Reached skill level 1 in Spellcasting
  2019 | D:4      | Noticed a centaur
  2025 | D:4      | Killed a centaur
  2025 | D:4      | Reached XP level 6. HP: 47/57 MP: 0/8
  2085 | D:4      | Found Zin's Purification Station.
  2087 | D:4      | Found a glowing silver altar of Zin.
  2121 | D:4      | XOM: potion effect (haste)
  2122 | D:4      | Reached skill level 5 in Axes
  2141 | D:4      | Found an ancient bone altar of Kikubaaqudgha.
  2230 | D:4      | Found a snail-covered altar of Cheibriados.
  2414 | D:5      | Entered Level 5 of the Dungeon
  2418 | D:5      | Found an opulent altar of Gozag.
  2420 | D:5      | Found Gozag's Platinum Reserve.
  2475 | D:5      | Found Fishejokep's Armour Boutique.
  2493 | D:5      | Reached XP level 7. HP: 40/64 MP: 0/9
  2641 | D:5      | Found Egazil's Gadget Shop.
  2915 | D:5      | Found Vutautwy's Assorted Antiques.
  2918 | D:5      | Bought a flickering glass ring for 90 gold pieces
  2919 | D:5      | Identified the ring "Elor" {Fire +Inv Str+3 Dex-3 Stlth+} (You bought it in a shop on level 5 of the Dungeon)
  2994 | D:5      | Found a deep blue altar of Sif Muna.
  3050 | D:5      | XOM: medium Tloc miscast
  3065 | D:5      | Found Oroetaett's Weapon Shoppe.
  3230 | D:6      | Noticed Eustachio
  3230 | D:6      | XOM: potion effect (curing)
  3231 | D:6      | XOM: potion effect (might)
  3253 | D:6      | Killed Eustachio
  3253 | D:6      | Reached skill level 6 in Axes
  3256 | D:6      | Reached XP level 8. HP: 71/73 MP: 0/11
  3491 | D:6      | XOM: confusion
  3717 | D:6      | Found a staircase to the Ecumenical Temple.
  3934 | D:7      | XOM is BORED!
  3934 | D:7      | XOM: noise
  4070 | D:7      | Found a white marble altar of Elyvilon.
  4186 | D:7      | Found a blossoming altar of Fedhas.
  4239 | D:7      | Found a shimmering altar of Xom.
  4239 | D:7      | Found a shattered altar of Ashenzari.
  4359 | D:7      | XOM: harmless Summ miscast
  4366 | D:7      | Reached skill level 5 in Armour
  4366 | D:7      | Reached skill level 5 in Evocations
  4433 | D:7      | XOM: noise
  4528 | D:8      | Found a shadowy altar of Dithmenos.
  4530 | D:8      | XOM: noise
  4551 | D:8      | Reached skill level 5 in Fighting
  4671 | D:8      | Found a sparkling altar of Nemelex Xobeh.
  4803 | D:8      | XOM: silly message
  4811 | D:8      | Reached skill level 7 in Axes
  4811 | D:8      | Reached skill level 5 in Dodging
  4867 | D:8      | XOM: mild Conj miscast
  4927 | D:8      | XOM: draining
  4982 | D:8      | XOM: mild Fire miscast
  4984 | D:8      | XOM: enchant monster (bad)
  5006 | D:8      | Gained mutation: You passively map the area around you. [Deep Dwarf growth]
  5006 | D:8      | Reached XP level 9. HP: 27/81 MP: 0/13
  5168 | D:8      | XOM: noise
  5345 | D:8      | XOM: confusion (+ monsters)
  5363 | D:8      | Noticed a two-headed hydra
  5452 | D:8      | XOM: confuse monster(s)
  5460 | D:8      | XOM: summons friendly quasit
  5470 | D:8      | Killed a two-headed hydra
  5470 | D:8      | Reached skill level 8 in Axes
  5597 | D:9      | XOM: stealth player
  5812 | D:5      | Bought a +1 cloak of invisibility for 181 gold pieces
  6111 | D:9      | Found Foitoxze's General Store.
  6119 | D:9      | Bought a scroll of identify for 26 gold pieces
  6136 | D:9      | XOM: god gift: 14 silver sling bullets
  6290 | D:9      | XOM: 2-stop teleportation journey
  6324 | D:9      | XOM: chaos upgrade
  6338 | D:9      | Reached XP level 10. HP: 70/91 MP: 1/16
  6542 | D:9      | XOM: enchant monster (good)
  6669 | D:9      | XOM: summons friendly quasit
  6674 | D:9      | XOM: summons friendly crimson imp
  6692 | D:9      | Reached skill level 9 in Axes
  6694 | D:9      | XOM: harmless Air miscast
  6727 | D:10     | XOM: noise
  6727 | D:10     | Entered Level 10 of the Dungeon
  6775 | D:9      | XOM: mild Hex miscast
  7000 | D:9      | Found a staircase to the Orcish Mines.
  7016 | Orc:1    | Entered Level 1 of the Orcish Mines
  7033 | Orc:1    | XOM: enchant monster (good)
  7151 | Orc:1    | XOM: mild Air miscast
  7265 | Orc:2    | XOM: noise
  7498 | Orc:3    | XOM: medium Summ miscast
  7525 | Orc:3    | XOM: polymorph orc warrior -> sky beast
  7627 | Orc:3    | XOM: mild Fire miscast
  7646 | Orc:3    | XOM: enchant monster (bad)
  7675 | Orc:3    | XOM: mild Pois miscast
  7791 | Orc:3    | XOM: enchant monster (bad)
  7814 | Orc:3    | Reached skill level 5 in Spellcasting
  8167 | Orc:4    | Entered Level 4 of the Orcish Mines
  8232 | Orc:4    | Found Jukucyj's Jewellery Shop.
  8483 | Orc:3    | Found a staircase to the Elven Halls.
  8556 | Orc:2    | XOM: polymorph orc priest -> boggart
  8609 | Orc:2    | XOM: god gift: sack of spiders
  8657 | Orc:2    | XOM: enchant monster (good)
  8725 | Orc:2    | Found Feneem's Antique Weapon Boutique.
  8827 | Orc:2    | XOM: confuse monster(s)
  8847 | Orc:2    | XOM: 3-stop teleportation journey
  8927 | Orc:2    | XOM: vitrification
  8953 | Orc:2    | XOM: scenery: create altars
  8963 | Orc:2    | XOM: god gift: scroll of enchant weapon
  9181 | Orc:1    | Reached skill level 10 in Axes
  9296 | Orc:4    | Reached XP level 11. HP: 92/99 MP: 17/17
  9439 | Orc:4    | Found Wunutuch's Gadget Shop.
  9439 | Orc:4    | Noticed an orc knight
  9456 | Orc:4    | Killed an orc knight
  9501 | Orc:4    | Killed an orc knight
  9523 | Orc:4    | Noticed an orc knight
  9530 | Orc:4    | Killed an orc knight
  9538 | Orc:4    | Found Giprex's Armour Shoppe.
  9552 | Orc:4    | Bought a wand of paralysis (6) for 112 gold pieces
  9568 | Orc:4    | Noticed an orc knight
  9573 | Orc:4    | Noticed an orc knight
  9580 | Orc:4    | XOM: polymorph orc priest -> gnoll
  9592 | Orc:4    | Killed an orc knight
  9606 | Orc:4    | Killed an orc knight
  9661 | Orc:4    | Found a roughly hewn altar of Beogh.
  9670 | Orc:4    | Found Silyfet's Assorted Antiques.
  9670 | Orc:4    | Found Lokluaq's Gadget Shoppe.
  9687 | Orc:4    | XOM: fog
  9699 | Orc:4    | XOM: smoke on damage
  9750 | Orc:4    | Bought a lamp of fire for 600 gold pieces
  9759 | Orc:4    | Bought a runed bone amulet for 160 gold pieces
  9871 | Orc:4    | XOM: vitrification
 10069 | Orc:4    | Noticed an orc knight
 10076 | Orc:4    | Killed an orc knight
 10076 | Orc:4    | Reached skill level 11 in Axes
 10305 | D:9      | XOM: god gift: glowing purple potion
 10431 | D:10     | XOM: divination: detect creatures
 10443 | D:10     | XOM: smoke on damage
 10484 | D:10     | XOM: severe Trmt miscast
 10484 | D:10     | Gained mutation: You are frail (-10% HP). [the severe capriciousness of Xom]
 10484 | D:10     | Gained mutation: You tend to lose your temper in combat. [the severe capriciousness of Xom]
 10522 | D:10     | XOM: smoke on damage
 10547 | D:10     | XOM: 1-stop teleportation journey
 10557 | D:10     | Killed an unseen horror
 10647 | D:10     | XOM: noise
 10653 | D:10     | Noticed Josephine
 10659 | D:10     | XOM: draining
 10660 | D:10     | XOM: enchant monster (good)
 10662 | D:10     | XOM: confusion (+ monsters)
 10665 | D:10     | XOM: chaos cloud
 10668 | D:10     | XOM: polymorph ice beast -> worm
 10678 | D:10     | XOM: confusion (+ monsters)
 10679 | D:10     | Killed Josephine
 10681 | D:10     | XOM: give mutations
 10681 | D:10     | Gained mutation: Scrolls take you a little longer to read. [Xom's mischief]
 10681 | D:10     | Gained mutation: You are dopey. (Int -2) [Xom's mischief]
 10681 | D:10     | Gained mutation: You are resistant to hostile enchantments. [Xom's mischief]
 10682 | D:10     | XOM: stat loss: -1 Str (19/19)
 10727 | D:10     | Reached XP level 12. HP: 51/98 MP: 15/15
 10752 | D:10     | XOM: harmless Air miscast
 10855 | D:10     | Got an ichor-stained war axe
 10856 | D:10     | Identified the +4 war axe of Indomitability {venom, *Contam MP+9 Str+4} (You found it on level 10 of the Dungeon)
 10876 | D:10     | XOM: 3-stop teleportation journey
 10886 | D:10     | XOM: give mutation
 10886 | D:10     | Lost mutation: You tend to lose your temper in combat. [Xom's mischief]
 11207 | D:10     | Noticed Fannar
 11224 | D:10     | XOM: blink monster(s)
 11225 | D:10     | XOM: fake destruction
 11228 | D:10     | XOM: summons friendly shadow imp
 11229 | D:10     | XOM: cast spell 'Beastly Appendage'
 11230 | D:10     | XOM: butterfly on damage
 11236 | D:10     | Killed Fannar
 11321 | D:10     | XOM: confusion
 11384 | D:9      | Bought a +3 ring of slaying for 585 gold pieces
 11425 | D:11     | Noticed an eight-headed hydra
 11443 | D:11     | Killed a 14-headed hydra
 11467 | D:11     | Reached skill level 10 in Evocations
 11500 | D:11     | XOM: enchant monster (good)
 11502 | D:11     | XOM: confusion (+ monsters)
 11586 | D:11     | Found a frozen archway.
 11625 | IceCv    | Entered an ice cave
 11656 | IceCv    | XOM: summons friendly shadow imp
 11659 | IceCv    | XOM: enchant monster (good)
 11668 | D:11     | XOM: 1-stop teleportation journey
 11758 | D:11     | Noticed Maud
 11761 | D:11     | XOM: harmless Trmt miscast
 11771 | D:11     | Killed Maud
 11771 | D:11     | Reached skill level 12 in Axes
 11987 | D:11     | Noticed Sonja
 11998 | D:11     | Killed Sonja
 12010 | D:11     | Found a staircase to the Lair.
 12072 | D:11     | Noticed a four-headed hydra
 12084 | D:11     | Killed a ten-headed hydra
 12154 | D:11     | XOM: cast spell 'Summon Butterflies'
 12225 | D:11     | Noticed Nergalle
 12238 | D:11     | Killed Nergalle
 12326 | D:12     | Noticed Urug
 12329 | D:12     | Noticed Frances
 12337 | D:12     | XOM: smoke on damage
 12339 | D:12     | XOM: butterfly on damage
 12340 | D:12     | XOM: divination: magic mapping
 12340 | D:12     | Killed from afar by Frances

Vault maps used:
D:1:      scummos_arrival_simple_crosswalls, glass_columns_a
D:2:      first_bread
D:3:      nicolae_overflow_hidden_temple, uniq_natasha, uniq_iyjb, uniq_sigmund
D:4:      old_standard_altar, lemuel_doored_altar, zin_purify, serial_shops,
          shop_statue
D:5:      lemuel_coloured_pillars_altar, nicolae_gozag_zags_fifth_avenue,
          serial_shops, kennysheep_mini, shop_fountains,
          nicolae_shop_waterfront, shop
D:6:      minmay_temple_entry_fiery, uniq_eustachio
D:7:      elyvilon_altar_1, gammafunk_temple_overflow_elements, basic_altar,
          kennysheep_nub, kennysheep_generic_room_4
D:8:      nemelex_deck, grunt_dithmenos_smoke, hangedman_ranch
D:9:      david_orc_4, serial_shops, shop
D:10:     minmay_gold_behind_fungi, uniq_fannar, uniq_josephine
D:11:     dpeg_oklobed_lair, portal_ice_cave_entry_ice_statue_01, minivault_23,
          uniq_maud, uniq_nergalle, uniq_sonja
D:12:     nicolae_looking_at_the_future, uniq_frances, uniq_urug
Orc:2:    serial_shops, shop, nicolae_orc_bridge_out
Orc:3:    nicolae_orc_pool_cavern
Orc:4:    st_orc_town, serial_shops, nicolae_shop_behind_doors
IceCv:    ice_cave_statue_garden_01

Action                   |  1- 3 |  4- 6 |  7- 9 | 10-12 || total
-------------------------+-------+-------+-------+-------++-------
Melee: Hand axe          |   148 |       |       |    21 ||   169
       War axe           |    16 |   133 |   422 |   325 ||   896
       Battleaxe         |       |       |       |   597 ||   597
 Abil: Evoke Invisibilit |       |       |       |    14 ||    14
       Device Recharging |       |       |       |    10 ||    10
Evoke: Wand              |       |     2 |    34 |    95 ||   131
       Sack of spiders   |       |       |       |    12 ||    12
       Lamp of fire      |       |       |       |     2 ||     2
  Use: Scroll            |       |       |    12 |    14 ||    26
       Potion            |       |       |     6 |    12 ||    18
 Stab: Confused          |     1 |       |     1 |     6 ||     8
       Invisible         |       |       |       |    75 ||    75
       Paralysed         |       |       |       |    27 ||    27
       Distracted        |       |       |       |     2 ||     2
       Held in net/web   |       |       |       |     1 ||     1
  Eat: Chunk             |     2 |     4 |    11 |    22 ||    39
       Pizza             |       |       |     1 |     2 ||     3
       Beef jerky        |       |       |       |     2 ||     2
       Bread ration      |       |       |       |     1 ||     1
       Royal jelly       |       |       |       |     1 ||     1
